 Dungeon Crawl Stone Soup version 0.21.1-1-g345015f (webtiles) character file.

1007 diana the Slasher (level 8, 0/56 HPs)
             Began as a Demonspawn Gladiator on June 3, 2018.
             Was an Initiate of Makhleb.
             Slain by an orc wizard
             ... wielding a +0 dagger
              (2 damage)
             ... on level 5 of the Dungeon.
             The game lasted 00:08:57 (3960 turns).

diana the Slasher (Demonspawn Gladiator)            Turns: 3960, Time: 00:08:57

Health: 0/56       AC: 11    Str: 19    XL:     8   Next: 0%
Magic:  10/10      EV: 15    Int: 10    God:    Makhleb [......]
Gold:   241        SH:  0    Dex: 17    Spells: 7/7 levels left

rFire    . . .     SeeInvis .   a - +0 long sword
rCold    + . .     Gourm    .   (no shield)
rNeg     . . .     Faith    .   B - +1 leather armour {rPois}
rPois    +         Spirit   .   c - +0 helmet
rElec    .         Reflect  .   (no cloak)
rCorr    .         Harm     .   (no gloves)
MR       .....                  (no boots)
Stlth    +.........             (no amulet)
HPRegen  0.18/turn              (no ring)
MPRegen  0.12/turn              (no ring)

@: mighty, sanguine armour
A: claws 1, cold resistance 1, demonic guardian 1, freezing cloud immunity,
sanguine armour 1
a: Renounce Religion


You were on level 5 of the Dungeon.
You worshipped Makhleb.
Makhleb was noncommittal.
You were not hungry.

You visited 1 branch of the dungeon, and saw 5 of its levels.

You collected 241 gold pieces.

Inventory:

Hand Weapons
 a - a +0 long sword (weapon)
Missiles
 d - 2 throwing nets (quivered)
Armour
 b - a +0 leather armour
 c - a +0 helmet (worn)
 B - a +1 leather armour of poison resistance (worn)
Jewellery
 u - a cursed ring of loudness {unknown}
 v - an uncursed ring of protection from cold {unknown}
 w - an uncursed ring of protection from fire {unknown}
 x - an uncursed amulet of magic regeneration {unknown}
 y - an uncursed ring of flight {unknown}
Wands
 s - a wand of digging (9)
 z - a wand of acid (4)
Scrolls
 e - a scroll of fog {unknown}
 h - 3 scrolls of enchant armour {unknown}
 i - 3 scrolls of identify {unknown}
 j - 2 scrolls of enchant weapon {unknown}
 k - 5 scrolls of amnesia {unknown}
 l - a scroll of noise {unknown}
 m - a scroll of immolation {unknown}
 q - a scroll of blinking {unknown}
 t - 3 scrolls of remove curse {unknown}
 C - a scroll of fear {unknown}
Potions
 g - a potion of curing {unknown}
 n - a potion of degeneration {unknown}
 o - a potion of flight {unknown}
 p - 3 potions of might
 r - 4 potions of agility {unknown}
 A - 2 potions of invisibility {unknown}
Comestibles
 f - 6 rations


   Skills:
 - Level 2.0 Fighting
 * Level 7.1 Long Blades
 - Level 1.8 Throwing
 + Level 5.3 Dodging
 + Level 3.6 Invocations


You had 7 spell levels left.
You didn't know any spells.

Dungeon Overview and Level Annotations

Branches:
Dungeon (5/15)
 Temple: D:4-7

Altars:
Makhleb
The Shining One

Annotations:
D:5 diana's ghost, novice MiGl


Innate Abilities, Weirdness & Mutations

You have sharp fingernails.
Your flesh is cold resistant. (rC+)
A weak demonic guardian rushes to your aid.
You are immune to freezing clouds.
When seriously injured, your bleeding wounds create armour. (AC +6)


Message History

Your quasit bites the worker ant.
The worker ant dies!
Makhleb accepts your kill.
You have reached level 8!
You feel clever.
Your demonic ancestry asserts itself...
Your fingernails lengthen.
The orc priest mumbles some strange prayers to Beogh against you.
Beogh smites you!
* * * LOW HITPOINT WARNING * * *
You hear some strange, mumbled words.
A puff of flame appears from out of thin air!
The puff of flame hits you!
A magic dart appears from out of thin air!
The magic dart hits you!
* * * LOW HITPOINT WARNING * * *
Your quasit disappears in a puff of smoke!
It was a potion of might.
You feel very mighty all of a sudden. Something hits you but does no damage.
Something hits you.
You die...

# #..#### ##....#
####o# #§###########
#######.§...#.....##
......(............##
#####...............#
#...............#
#..@..).........#
#.....†.........#
#.<.............#
##....).......(##
##.....#.....##
#############


You could see an orc priest.

Vanquished Creatures
  A two-headed ogre (D:5)
  An ogre (D:4)
  A hound (D:4)
  2 iguanas (D:4)
  3 worker ants
  2 adders (D:3)
  A white imp (D:5)
  2 oozes (D:1)
  A worm (D:5)
  A dart slug (D:1)
  2 leopard geckos
  6 orcs
  5 giant cockroaches
  14 goblins
  12 hobgoblins
  4 jackals (D:1)
  2 quokkas
  5 ball pythons
  10 bats
  4 frilled lizards
  2 goblin zombies (D:5)
  5 hobgoblin zombies (D:5)
  5 kobolds
  A kobold skeleton (D:5)
  A kobold zombie (D:5)
  2 orc skeletons (D:5)
  8 rats
103 creatures vanquished.

Vanquished Creatures (collateral kills)
  An ogre (D:4)
  Blork the orc (D:4)
  A centaur zombie (D:4)
  Ijyb (D:3)
  A worker ant (D:5)
5 creatures vanquished.

Grand Total: 108 creatures vanquished

Notes
Turn   | Place    | Note
-------+----------+-------------------------------------------
     0 | D:1      | diana the Demonspawn Gladiator began the quest for the Orb.
     0 | D:1      | Reached XP level 1. HP: 16/16 MP: 1/1
    97 | D:1      | Reached skill level 3 in Long Blades
   286 | D:1      | Gained mutation: Your flesh is cold resistant. (rC+) [demonic ancestry]
   286 | D:1      | Reached XP level 2. HP: 18/22 MP: 2/2
   698 | D:1      | Gained mutation: When seriously injured, your bleeding wounds create armour. (AC +6) [demonic ancestry]
   698 | D:1      | Reached XP level 3. HP: 26/27 MP: 3/3
  1909 | D:3      | Gained mutation: A weak demonic guardian rushes to your aid. [demonic ancestry]
  1909 | D:3      | Reached XP level 4. HP: 33/33 MP: 4/4
  1944 | D:3      | Reached skill level 4 in Long Blades
  2439 | D:3      | Noticed Ijyb
  2449 | D:3      | Killed Ijyb
  2449 | D:3      | Reached XP level 5. HP: 36/38 MP: 5/5
  2622 | D:4      | Reached skill level 5 in Long Blades
  3173 | D:4      | Noticed an ogre
  3197 | D:4      | Killed an ogre
  3197 | D:4      | Reached XP level 6. HP: 41/44 MP: 6/6
  3290 | D:4      | Found a burning altar of Makhleb.
  3370 | D:4      | Became a worshipper of Makhleb the Destroyer
  3443 | D:4      | Noticed Blork the orc
  3448 | D:4      | Killed Blork the orc
  3448 | D:4      | Reached skill level 6 in Long Blades
  3448 | D:4      | Reached skill level 1 in Invocations
  3662 | D:5      | Entered Level 5 of the Dungeon
  3694 | D:5      | Found a glowing golden altar of the Shining One.
  3718 | D:5      | Gained mutation: You are immune to freezing clouds. [demonic ancestry]
  3718 | D:5      | Reached XP level 7. HP: 28/50 MP: 7/7
  3732 | D:5      | Noticed diana's ghost (novice MiGl)
  3867 | D:5      | Noticed a two-headed ogre
  3879 | D:5      | Killed a two-headed ogre
  3879 | D:5      | Reached skill level 7 in Long Blades
  3879 | D:5      | Reached skill level 5 in Dodging
  3948 | D:5      | Gained mutation: You have sharp fingernails. [demonic ancestry]
  3948 | D:5      | Reached XP level 8. HP: 23/56 MP: 10/10
  3957 | D:5      | HP: 1/56 [something/magic dart (10)]
  3960 | D:5      | Slain by an orc wizard

Skill      XL: |  1  2  3  4  5  6  7 |
---------------+----------------------+-----
Long Blades    | 3 4 5 6 7 |  7.1
Dodging        | 3 4 5 |  5.3
Invocations    | 1 3 |  3.6
Fighting       | |  2.0
Throwing       | |  1.8

Action                   |  1- 3 |  4- 6 |  7- 9 || total
-------------------------+-------+-------+-------++-------
Melee: Long sword        |   124 |   162 |    17 ||   303
Throw: Throwing net      |       |       |     1 ||     1
Evoke: Wand              |       |     1 |     2 ||     3
  Use: Potion            |       |     2 |     1 ||     3
 Stab: Sleeping          |     4 |     1 |       ||     5
       Distracted        |     1 |       |     1 ||     2
  Eat: Chunk             |     3 |     6 |     1 ||    10
Armor: Leather armour    |    46 |    42 |     4 ||    92
Dodge: Dodged            |   110 |   137 |    12 ||   259
       Rpst.: Long sword |    51 |    39 |     6 ||    96
